 Dungeon Crawl Stone Soup version 0.20.1-1-g8b1a95d (webtiles) character file.

217 Minstaer the Slasher (level 6, 0/50 HPs)
             Began as a Human Monk on Nov 4, 2017.
             Slain by an orc wizard
             ... wielding a +0 dagger
              (3 damage)
             ... on level 3 of the Dungeon.
             The game lasted 00:07:26 (2426 turns).

Minstaer the Slasher (Human Monk)                   Turns: 2426, Time: 00:07:26

Health: 0/50       AC:  5    Str: 13    XL:     6   Next: 16%
Magic:  6/6        EV: 12    Int: 10    God:    Xom [..*...]
Gold:   135        SH:  0    Dex: 16    Spells: 5/5 levels left

rFire    . . .     SeeInvis .   a - +1 falchion
rCold    . . .     Gourm    .   (no shield)
rNeg     . . .     Faith    .   d - +0 ring mail
rPois    .         Spirit   .   (no helmet)
rElec    .         Reflect  .   (no cloak)
rCorr    .         Harm     .   (no gloves)
MR       .....                  (no boots)
Stlth    +.........             (no amulet)
Regen    0.2/turn               (no ring)
MPRegen  0.1/turn               (no ring)

@: no status effects
A: no striking features
a: Renounce Religion


You were on level 3 of the Dungeon.
You worshipped Xom.
You were a toy of Xom.
You were not hungry.

You visited 1 branch of the dungeon, and saw 3 of its levels.

You collected 135 gold pieces.

Inventory:

Hand Weapons
 a - a +1 falchion (weapon)
 j - a +0 shortbow
Missiles
 h - 5 poisoned tomahawks (quivered)
 n - 39 arrows
 t - 9 bolts
Armour
 d - a +0 ring mail (worn)
Scrolls
 g - a scroll of blinking {unknown}
 i - a scroll of immolation {unknown}
 k - a scroll of remove curse {unknown}
 m - 3 scrolls of identify {unknown}
 p - a scroll of noise {unknown}
 r - 2 scrolls of fog {unknown}
 s - 2 scrolls of enchant weapon
Potions
 b - a potion of degeneration {unknown}
 e - a potion of lignification {unknown}
 l - a potion of haste {unknown}
 o - a potion of curing {unknown}
Comestibles
 c - a bread ration
 f - 3 meat rations
 q - 4 chunks of flesh


   Skills:
 + Level 4.8 Fighting
 + Level 5.1 Long Blades
 - Level 3.0 Dodging
 - Level 2.0 Stealth


You had 5 spell levels left.
You didn't know any spells.

Dungeon Overview and Level Annotations

Branches:
Dungeon (3/15)

Altars:
Xom


Message History

You bump into the rock wall.
Something hits you but does no damage.
You closely miss something. Something hits you.
* * * LOW HITPOINT WARNING * * *
You miss something. Something hits you but does no damage.
You bump into the rock wall.
Something hits you but does no damage.
You bump into the rock wall.
You hear some strange, mumbled words.
A magic dart appears from out of thin air!
The magic dart hits you!
* * * LOW HITPOINT WARNING * * *
Some of the chunks of flesh in your inventory have rotted away.
You miss something.
You feel less confused. Something hits you but does no damage.
You hit something. Something hits you but does no damage.
You hit something but do no damage. Something hits you.
* * * LOW HITPOINT WARNING * * *
You slash something! Something hits you.
You die...
Xom yawns loudly!

# ######## .# #......#
..## #......# .....
#......############......
................@{....>..
..####...#########..##.##
### #...# ..# #...# ..#
#...# ... #...# ....
####...## ..... #.......#
.....# #.......#


There were no monsters in sight!

Vanquished Creatures
  2 jellies (D:2)
  An orc wizard (D:3)
  6 adders
  5 dart slugs
  A leopard gecko (D:1)
  3 orcs (D:3)
  3 ball pythons
  2 giant cockroaches
  3 goblins (D:2)
  7 hobgoblins
  An iguana (D:2)
  4 jackals (D:1)
  A quokka (D:3)
  6 bats
  7 kobolds
  10 rats
62 creatures vanquished.

Notes
Turn   | Place    | Note
-------+----------+-------------------------------------------
     0 | D:1      | Minstaer the Human Monk began the quest for the Orb.
     0 | D:1      | Reached XP level 1. HP: 18/18 MP: 1/1
   254 | D:1      | Reached XP level 2. HP: 24/24 MP: 2/2
   325 | D:1      | HP: 1/24 [jackal (1)]
   690 | D:1      | Reached XP level 3. HP: 22/29 MP: 3/3
  1069 | D:2      | Reached skill level 4 in Long Blades
  1073 | D:2      | Reached XP level 4. HP: 20/37 MP: 4/4
  1541 | D:2      | Reached XP level 5. HP: 36/42 MP: 5/5
  2004 | D:2      | Found a shimmering altar of Xom.
  2026 | D:2      | Became a worshipper of The Xom-Meister, Xom-Xom-bo-Bom, Banana-Fana-fo-Fom
  2303 | D:3      | Reached skill level 5 in Long Blades
  2312 | D:3      | XOM: harmless Ice miscast
  2386 | D:3      | Reached XP level 6. HP: 46/49 MP: 6/6
  2399 | D:3      | XOM: divination: detect creatures
  2426 | D:3      | Slain by an orc wizard

Skill      XL: |  1  2  3  4  5 |
---------------+----------------+-----
Long Blades    | 4 5 |  5.1
Fighting       | 4 |  4.8
Dodging        | |  3.0
Stealth        | |  2.0

Action                   |  1- 3 |  4- 6 || total
-------------------------+-------+-------++-------
Melee: Falchion          |   114 |   121 ||   235
  Use: Scroll            |     1 |       ||     1
 Stab: Distracted        |     1 |     1 ||     2
       Sleeping          |       |     2 ||     2
  Eat: Chunk             |       |     3 ||     3
       Bread ration      |       |     1 ||     1
Armor: Robe              |     9 |       ||     9
       Ring mail         |    45 |    32 ||    77
Dodge: Dodged            |    95 |    78 ||   173
       Rpst.: Falchion   |    34 |    22 ||    56
